 Dungeon Crawl Stone Soup version 0.17.0-28-g6e173f8 (webtiles) character file.

189 PossumBlood the Conjurer (level 5, -4/28 HPs)
             Began as a Deep Elf Conjurer on Nov 25, 2015.
             Slain by a slave (5 damage)
             ... led by Pikel
             ... on level 4 of the Dungeon.
             The game lasted 00:15:30 (3148 turns).

PossumBlood the Conjurer (Deep Elf Conjurer)        Turns: 3148, Time: 00:15:31

Health: -4/28      AC:  6    Str:  5    XL:     5   Next: 40%
Magic:  4/11       EV: 12    Int: 21    God:
Gold:   150        SH:  0    Dex: 11    Spells: 2 memorised, 4 levels left

rFire  + . .     SeeInvis .     i - staff of air
rCold  . . .     Clarity  .     a - +0 robe
rNeg   . . .     SustAt   .     (no shield)
rPois  .         Gourm    .     e - +2 helmet
rElec  +         Spirit   .     k - +0 cloak
rCorr  .         Warding  .     (no gloves)
rMut   .         Stasis   .     (no boots)
MR     .....                    (no amulet)
Stlth  +.........               (no ring)
                                n - ring of protection from fire

@: contaminated, glowing, not resistant to hostile enchantments, very unstealthy
A: clumsy 2, sense surroundings 1
a: no special abilities


You were on level 4 of the Dungeon.
You were not hungry.

You visited 1 branch of the dungeon, and saw 4 of its levels.

You collected 150 gold pieces.

Inventory:

Hand Weapons
 g - a +0 short sword
Armour
 a - a +0 robe (worn)
 e - a +2 helmet (worn)
 k - a +0 cloak (worn)
Magical Staves
 i - an uncursed staff of air (weapon)
Jewellery
 n - a ring of protection from fire (left hand)
Scrolls
 d - 5 scrolls of identify
 h - 3 scrolls of remove curse
Books
 b - a book of Conjurations

   Spells                             Type                      Level
   a - Magic Dart                     Conjuration                  1
   b - Searing Ray                    Conjuration                  2
   c - Dazzling Spray                 Conjuration/Hexes            3
   d - Fulminant Prism                Conjuration/Hexes            4
   e - Iskenderun's Mystic Blast      Conjuration                  4
   f - Iskenderun's Battlesphere      Conjuration/Charms           5
Comestibles
 c - 5 bread rations
 f - a meat ration


   Skills:
 - Level 2.4 Dodging
 - Level 2.4 Stealth
 - Level 3.0 Spellcasting
 * Level 7.4 Conjurations


You had 4 spell levels left.
You knew the following spells:

 Your Spells              Type           Power        Failure   Level  Hunger
a - Magic Dart            Conj           ####         1%          1    None
b - Iskenderun's Battles  Conj/Chrm      ###.....     87%         5    ######.


Dungeon Overview and Level Annotations

Branches:
Dungeon (4/15)
 Temple: D:4-7

Altars:
Trog

Annotations:
D:4 Pikel


Innate Abilities, Weirdness & Mutations

You are very clumsy. (Dex -4)
You passively map a small area around you.


Message History

Unknown command.
Casting: Iskenderun's Battlesphere
Confirm with . or Enter, or press ? or * to list all spells.
Aiming: Magic Dart
Press: ? - help, Shift-Dir - straight line, f/p - Pikel
Aim: Pikel, wielding a whip of freezing and wearing a robe The magic dart hits Pikel.
Pikel misses you. The slave hits you.
* * * LOW HITPOINT WARNING * * *
Unknown command.
You closely miss Pikel. Pikel misses you. The slave barely misses you.
Pikel closely misses you.
You hit the slave.
The slave is lightly wounded.
The slave hits you.
* * * LOW HITPOINT WARNING * * *
Pikel hits you but does no damage.
You hit the slave but do no damage.
The slave is lightly wounded.
The slave hits you.
You die...

### *## * #.# ..
, #.#########.# *
#<..........####
* *
#.##.#####......
#.##.p@Kp.......
,
#.##.###p#......
, #.##.#
#.#..>... ,
#.##.###.p......
#.##....p.......
,,
#.######........,
, #p# #.....#.. ,
#.# #.....#.. #.#
#........


You could see Pikel and 3 slaves.

Vanquished Creatures
  A slave (D:4)
  The ghost of PossumBlood the Conjurer, an amateur DECj (D:3)
  5 adders
  2 worms (D:3)
  2 giant geckos
  2 giant cockroaches
  6 goblins
  11 hobgoblins
  11 jackals
  11 kobolds
  2 quokkas (D:2)
  5 bats
  3 giant newts
  4 rats
66 creatures vanquished.

Notes
Turn   | Place    | Note
--------------------------------------------------------------
     0 | D:1      | PossumBlood the Deep Elf Conjurer began the quest for the Orb.
     0 | D:1      | Reached XP level 1. HP: 10/10 MP: 6/6
   117 | D:1      | Reached XP level 2. HP: 15/15 MP: 0/8
   262 | D:1      | Reached skill level 5 in Conjurations
   832 | D:1      | Gained mutation: You passively map a small area around you. [potion of mutation]
   832 | D:1      | Gained mutation: You are clumsy. (Dex -2) [potion of mutation]
   832 | D:1      | Gained mutation: You are very clumsy. (Dex -4) [potion of mutation]
   975 | D:2      | Reached XP level 3. HP: 19/19 MP: 5/9
  1372 | D:2      | Reached skill level 6 in Conjurations
  1715 | D:2      | Reached XP level 4. HP: 24/24 MP: 2/10
  2185 | D:3      | Noticed PossumBlood's ghost (amateur DECj)
  2192 | D:3      | Killed PossumBlood's ghost
  2192 | D:3      | Reached skill level 7 in Conjurations
  2192 | D:3      | Reached XP level 5. HP: 12/28 MP: 3/11
  2498 | D:3      | Found a faded altar to an unknown god.
  2709 | D:3      | Learned a level 5 spell: Iskenderun's Battlesphere
  2767 | D:3      | Found a bloodstained altar of Trog.
  3099 | D:4      | Noticed Pikel
  3099 | D:4      | Noticed a slave
  3099 | D:4      | Noticed a slave
  3099 | D:4      | Noticed a slave
  3101 | D:4      | Noticed a slave
  3105 | D:4      | Killed a slave
  3147 | D:4      | HP: 1/28 [slave[Pikel] (2)]
  3148 | D:4      | Slain by a slave

Action                   |  1- 3 |  4- 6 || total
-------------------------+-------+-------++-------
Melee: Short sword       |     2 |       ||     2
       Staff             |       |     7 ||     7
 Cast: Magic Dart        |    74 |    78 ||   152
  Use: Potion            |     4 |     5 ||     9
       Scroll            |     4 |     2 ||     6
  Eat: Bread ration      |     1 |       ||     1
       Meat ration       |       |     1 ||     1
       Fruit             |       |     1 ||     1
